Workbook

Sheet 2016
B3: JANVIER | D3: FEVRIER | F3: MARS | H3: AVRIL | J3: MAI | L3: JUIN | N3: JUILLET | P3: AOUT | R3: SEPTEMBRE | T3: OCTOBRE | V3: NOVEMBRE | X3: DECEMBRE
A5: lieux | B5: bas | C5: haut | D5: bas | E5: haut | F5: bas | G5: haut | H5: bas | I5: haut | J5: bas | K5: haut | L5: bas | M5: haut | N5: bas | O5: haut | P5: bas | Q5: haut | R5: bas | S5: haut | T5: bas | U5: haut | V5: bas | W5: haut | X5: bas | Y5: haut
A7: somme | R7: 295 | S7: 0 | T7: 295 | U7: 200 | V7: 295 | W7: 415 | X7: 0 | Y7: 415
A9: retard
A11: remboursement | B11: credit | D11: credit | F11: credit | H11: credit | J11: credit | L11: credit | N11: credit | P11: credit | R11: credit | T11: credit | V11: credit | X11: credit
A13: somme | T13: 80 | V13: 379 | X13: 379
A15: credIt impots
A17: caution
A19: virement
A21: autres depense
A28: couts
B33: total loyer | D33: =SUM(B7:Y8) -> 1915
B35: total credit | D35: =SUM(B13:Y14) -> 838 | G35: total des depenses pour le credit d'impots | I35: 0
B37: benefice | D37: =SUM(D33-D35-D39) -> 1077 | G37: remboursement impots | I37: 0
B39: autre depense | D39: =SUM(B28:Y29) -> 0 | G39: total remboursé | I39: =SUM(I35-I37) -> 0
B44: frais fixe
B46: credit | D46: 838
B48: assurance | D48: 100
B50: impots foncier | D50: 800
B52: csg / rds
B54: a mettre en œuvre en debut d'année
B56: calculer si charge reel ou abatement de 30 %

Sheet 2017
B3: JANVIER | D3: FEVRIER | F3: MARS | H3: AVRIL | J3: MAI | L3: JUIN | N3: JUILLET | P3: AOUT | R3: SEPTEMBRE | T3: OCTOBRE | V3: NOVEMBRE | X3: DECEMBRE
A5: lieux | B5: bas | C5: haut | D5: bas | E5: haut | F5: bas | G5: haut | H5: bas | I5: haut | J5: bas | K5: haut | L5: bas | M5: haut | N5: bas | O5: haut | P5: bas | Q5: haut | R5: bas | S5: haut | T5: bas | U5: haut | V5: bas | W5: haut | X5: bas | Y5: haut
A7: somme
A9: retard
A11: remboursement | B11: credit | D11: credit | F11: credit | H11: credit | J11: credit | L11: credit | N11: credit | P11: credit | R11: credit | T11: credit | V11: credit | X11: credit
A13: somme
A15: credIt impots
A17: caution
A19: virement
A21: autres depense
A28: couts
B33: total loyer | D33: =SUM(B7:Y8) -> 0
B35: total credit | D35: =SUM(B13:Y14) -> 0 | G35: total des depenses pour le credit d'impots | I35: 0
B37: benefice | D37: =SUM(D33-D35-D39) -> 0 | G37: remboursement impots | I37: 0
B39: autre depense | D39: =SUM(B28:Y29) -> 0 | G39: total remboursé | I39: =SUM(I35-I37) -> 0
B44: frais fixe
B46: credit | D46: 4548
B48: assurance
B50: impots foncier
B52: csg / rds
B54: a mettre en œuvre en debut d'année
B56: calculer si charge reel ou abatement de 30 %

Sheet 2018
B3: JANVIER | D3: FEVRIER | F3: MARS | H3: AVRIL | J3: MAI | L3: JUIN | N3: JUILLET | P3: AOUT | R3: SEPTEMBRE | T3: OCTOBRE | V3: NOVEMBRE | X3: DECEMBRE
A5: lieux | B5: bas | C5: haut | D5: bas | E5: haut | F5: bas | G5: haut | H5: bas | I5: haut | J5: bas | K5: haut | L5: bas | M5: haut | N5: bas | O5: haut | P5: bas | Q5: haut | R5: bas | S5: haut | T5: bas | U5: haut | V5: bas | W5: haut | X5: bas | Y5: haut
A7: somme
A9: retard
A11: remboursement | B11: credit | D11: credit | F11: credit | H11: credit | J11: credit | L11: credit | N11: credit | P11: credit | R11: credit | T11: credit | V11: credit | X11: credit
A13: somme
A15: credIt impots
A17: caution
A19: virement
A21: autres depense
A28: couts
B33: total loyer | D33: =SUM(B7:Y8) -> 0
B35: total credit | D35: =SUM(B13:Y14) -> 0 | G35: total des depenses pour le credit d'impots | I35: 0
B37: benefice | D37: =SUM(D33-D35-D39) -> 0 | G37: remboursement impots | I37: 0
B39: autre depense | D39: =SUM(B28:Y29) -> 0 | G39: total remboursé | I39: =SUM(I35-I37) -> 0
B44: frais fixe
B46: credit | D46: 4548
B48: assurance | D48: 100
B50: impots foncier | D50: 800
B52: csg / rds
B54: a mettre en œuvre en debut d'année
B56: calculer si charge reel ou abatement de 30 %

Sheet 2019
B3: JANVIER | D3: FEVRIER | F3: MARS | H3: AVRIL | J3: MAI | L3: JUIN | N3: JUILLET | P3: AOUT | R3: SEPTEMBRE | T3: OCTOBRE | V3: NOVEMBRE | X3: DECEMBRE
A5: lieux | B5: bas | C5: haut | D5: bas | E5: haut | F5: bas | G5: haut | H5: bas | I5: haut | J5: bas | K5: haut | L5: bas | M5: haut | N5: bas | O5: haut | P5: bas | Q5: haut | R5: bas | S5: haut | T5: bas | U5: haut | V5: bas | W5: haut | X5: bas | Y5: haut
A7: somme
A9: retard
A11: remboursement | B11: credit | D11: credit | F11: credit | H11: credit | J11: credit | L11: credit | N11: credit | P11: credit | R11: credit | T11: credit | V11: credit | X11: credit
A13: somme
A15: credIt impots
A17: caution
A19: virement
A21: autres depense
A28: couts
B33: total loyer | D33: =SUM(B7:Y8) -> 0
B35: total credit | D35: =SUM(B13:Y14) -> 0 | G35: total des depenses pour le credit d'impots | I35: 0
B37: benefice | D37: =SUM(D33-D35-D39) -> 0 | G37: remboursement impots | I37: 0
B39: autre depense | D39: =SUM(B28:Y29) -> 0 | G39: total remboursé | I39: =SUM(I35-I37) -> 0
B44: frais fixe
B46: credit | D46: 4548
B48: assurance | D48: 100
B50: impots foncier | D50: 800
B52: csg / rds
B54: a mettre en œuvre en debut d'année
B56: calculer si charge reel ou abatement de 30 %

Sheet 2020
B3: JANVIER | D3: FEVRIER | F3: MARS | H3: AVRIL | J3: MAI | L3: JUIN | N3: JUILLET | P3: AOUT | R3: SEPTEMBRE | T3: OCTOBRE | V3: NOVEMBRE | X3: DECEMBRE
A5: lieux | B5: bas | C5: haut | D5: bas | E5: haut | F5: bas | G5: haut | H5: bas | I5: haut | J5: bas | K5: haut | L5: bas | M5: haut | N5: bas | O5: haut | P5: bas | Q5: haut | R5: bas | S5: haut | T5: bas | U5: haut | V5: bas | W5: haut | X5: bas | Y5: haut
A7: somme
A9: retard
A11: remboursement | B11: credit | D11: credit | F11: credit | H11: credit | J11: credit | L11: credit | N11: credit | P11: credit | R11: credit | T11: credit | V11: credit | X11: credit
A13: somme
A15: credIt impots
A17: caution
A19: virement
A21: autres depense
A28: couts
B33: total loyer | D33: =SUM(B7:Y8) -> 0
B35: total credit | D35: =SUM(B13:Y14) -> 0 | G35: total des depenses pour le credit d'impots | I35: 0
B37: benefice | D37: =SUM(D33-D35-D39) -> 0 | G37: remboursement impots | I37: 0
B39: autre depense | D39: =SUM(B28:Y29) -> 0 | G39: total remboursé | I39: =SUM(I35-I37) -> 0
B44: frais fixe
B46: credit | D46: 4548
B48: assurance | D48: 100
B50: impots foncier | D50: 800
B52: csg / rds
B54: a mettre en œuvre en debut d'année
B56: calculer si charge reel ou abatement de 30 %

Sheet 2021
B3: JANVIER | D3: FEVRIER | F3: MARS | H3: AVRIL | J3: MAI | L3: JUIN | N3: JUILLET | P3: AOUT | R3: SEPTEMBRE | T3: OCTOBRE | V3: NOVEMBRE | X3: DECEMBRE
A5: lieux | B5: bas | C5: haut | D5: bas | E5: haut | F5: bas | G5: haut | H5: bas | I5: haut | J5: bas | K5: haut | L5: bas | M5: haut | N5: bas | O5: haut | P5: bas | Q5: haut | R5: bas | S5: haut | T5: bas | U5: haut | V5: bas | W5: haut | X5: bas | Y5: haut
A7: somme
A9: retard
A11: remboursement | B11: credit | D11: credit | F11: credit | H11: credit | J11: credit | L11: credit | N11: credit | P11: credit | R11: credit | T11: credit | V11: credit | X11: credit
A13: somme
A15: credIt impots
A17: caution
A19: virement
A21: autres depense
A28: couts
B33: total loyer | D33: =SUM(B7:Y8) -> 0
B35: total credit | D35: =SUM(B13:Y14) -> 0 | G35: total des depenses pour le credit d'impots | I35: 0
B37: benefice | D37: =SUM(D33-D35-D39) -> 0 | G37: remboursement impots | I37: 0
B39: autre depense | D39: =SUM(B28:Y29) -> 0 | G39: total remboursé | I39: =SUM(I35-I37) -> 0
B44: frais fixe
B46: credit | D46: 4548
B48: assurance | D48: 100
B50: impots foncier | D50: 800
B52: csg / rds
B54: a mettre en œuvre en debut d'année
B56: calculer si charge reel ou abatement de 30 %

Sheet 2022
B3: JANVIER | D3: FEVRIER | F3: MARS | H3: AVRIL | J3: MAI | L3: JUIN | N3: JUILLET | P3: AOUT | R3: SEPTEMBRE | T3: OCTOBRE | V3: NOVEMBRE | X3: DECEMBRE
A5: lieux | B5: bas | C5: haut | D5: bas | E5: haut | F5: bas | G5: haut | H5: bas | I5: haut | J5: bas | K5: haut | L5: bas | M5: haut | N5: bas | O5: haut | P5: bas | Q5: haut | R5: bas | S5: haut | T5: bas | U5: haut | V5: bas | W5: haut | X5: bas | Y5: haut
A7: somme
A9: retard
A11: remboursement | B11: credit | D11: credit | F11: credit | H11: credit | J11: credit | L11: credit | N11: credit | P11: credit | R11: credit | T11: credit | V11: credit | X11: credit
A13: somme
A15: credIt impots
A17: caution
A19: virement
A21: autres depense
A28: couts
B33: total loyer | D33: =SUM(B7:Y8) -> 0
B35: total credit | D35: =SUM(B13:Y14) -> 0 | G35: total des depenses pour le credit d'impots | I35: 0
B37: benefice | D37: =SUM(D33-D35-D39) -> 0 | G37: remboursement impots | I37: 0
B39: autre depense | D39: =SUM(B28:Y29) -> 0 | G39: total remboursé | I39: =SUM(I35-I37) -> 0
B44: frais fixe
B46: credit | D46: 4548
B48: assurance | D48: 100
B50: impots foncier | D50: 800
B52: csg / rds
B54: a mettre en œuvre en debut d'année
B56: calculer si charge reel ou abatement de 30 %

Sheet 2023
B3: JANVIER | D3: FEVRIER | F3: MARS | H3: AVRIL | J3: MAI | L3: JUIN | N3: JUILLET | P3: AOUT | R3: SEPTEMBRE | T3: OCTOBRE | V3: NOVEMBRE | X3: DECEMBRE
A5: lieux | B5: bas | C5: haut | D5: bas | E5: haut | F5: bas | G5: haut | H5: bas | I5: haut | J5: bas | K5: haut | L5: bas | M5: haut | N5: bas | O5: haut | P5: bas | Q5: haut | R5: bas | S5: haut | T5: bas | U5: haut | V5: bas | W5: haut | X5: bas | Y5: haut
A7: somme
A9: retard
A11: remboursement | B11: credit | D11: credit | F11: credit | H11: credit | J11: credit | L11: credit | N11: credit | P11: credit | R11: credit | T11: credit | V11: credit | X11: credit
A13: somme
A15: credIt impots
A17: caution
A19: virement
A21: autres depense
A28: couts
B33: total loyer | D33: =SUM(B7:Y8) -> 0
B35: total credit | D35: =SUM(B13:Y14) -> 0 | G35: total des depenses pour le credit d'impots | I35: 0
B37: benefice | D37: =SUM(D33-D35-D39) -> 0 | G37: remboursement impots | I37: 0
B39: autre depense | D39: =SUM(B28:Y29) -> 0 | G39: total remboursé | I39: =SUM(I35-I37) -> 0
B44: frais fixe
B46: credit | D46: 4548
B48: assurance | D48: 100
B50: impots foncier | D50: 800
B52: csg / rds
B54: a mettre en œuvre en debut d'année
B56: calculer si charge reel ou abatement de 30 %

Sheet 2024
B3: JANVIER | D3: FEVRIER | F3: MARS | H3: AVRIL | J3: MAI | L3: JUIN | N3: JUILLET | P3: AOUT | R3: SEPTEMBRE | T3: OCTOBRE | V3: NOVEMBRE | X3: DECEMBRE
A5: lieux | B5: bas | C5: haut | D5: bas | E5: haut | F5: bas | G5: haut | H5: bas | I5: haut | J5: bas | K5: haut | L5: bas | M5: haut | N5: bas | O5: haut | P5: bas | Q5: haut | R5: bas | S5: haut | T5: bas | U5: haut | V5: bas | W5: haut | X5: bas | Y5: haut
A7: somme
A9: retard
A11: remboursement | B11: credit | D11: credit | F11: credit | H11: credit | J11: credit | L11: credit | N11: credit | P11: credit | R11: credit | T11: credit | V11: credit | X11: credit
A13: somme
A15: credIt impots
A17: caution
A19: virement
A21: autres depense
A28: couts
B33: total loyer | D33: =SUM(B7:Y8) -> 0
B35: total credit | D35: =SUM(B13:Y14) -> 0 | G35: total des depenses pour le credit d'impots | I35: 0
B37: benefice | D37: =SUM(D33-D35-D39) -> 0 | G37: remboursement impots | I37: 0
B39: autre depense | D39: =SUM(B28:Y29) -> 0 | G39: total remboursé | I39: =SUM(I35-I37) -> 0
B44: frais fixe
B46: credit | D46: 4548
B48: assurance | D48: 100
B50: impots foncier | D50: 800
B52: csg / rds
B54: a mettre en œuvre en debut d'année
B56: calculer si charge reel ou abatement de 30 %

Sheet 2025
B3: JANVIER | D3: FEVRIER | F3: MARS | H3: AVRIL | J3: MAI | L3: JUIN | N3: JUILLET | P3: AOUT | R3: SEPTEMBRE | T3: OCTOBRE | V3: NOVEMBRE | X3: DECEMBRE
A5: lieux | B5: bas | C5: haut | D5: bas | E5: haut | F5: bas | G5: haut | H5: bas | I5: haut | J5: bas | K5: haut | L5: bas | M5: haut | N5: bas | O5: haut | P5: bas | Q5: haut | R5: bas | S5: haut | T5: bas | U5: haut | V5: bas | W5: haut | X5: bas | Y5: haut
A7: somme
A9: retard
A11: remboursement | B11: credit | D11: credit | F11: credit | H11: credit | J11: credit | L11: credit | N11: credit | P11: credit | R11: credit | T11: credit | V11: credit | X11: credit
A13: somme
A15: credIt impots
A17: caution
A19: virement
A21: autres depense
A28: couts
B33: total loyer | D33: =SUM(B7:Y8) -> 0
B35: total credit | D35: =SUM(B13:Y14) -> 0 | G35: total des depenses pour le credit d'impots | I35: 0
B37: benefice | D37: =SUM(D33-D35-D39) -> 0 | G37: remboursement impots | I37: 0
B39: autre depense | D39: =SUM(B28:Y29) -> 0 | G39: total remboursé | I39: =SUM(I35-I37) -> 0
B44: frais fixe
B46: credit | D46: 4548
B48: assurance | D48: 100
B50: impots foncier | D50: 800
B52: csg / rds
B54: a mettre en œuvre en debut d'année
B56: calculer si charge reel ou abatement de 30 %

Sheet 2026
B3: JANVIER | D3: FEVRIER | F3: MARS | H3: AVRIL | J3: MAI | L3: JUIN | N3: JUILLET | P3: AOUT | R3: SEPTEMBRE | T3: OCTOBRE | V3: NOVEMBRE | X3: DECEMBRE
A5: lieux | B5: bas | C5: haut | D5: bas | E5: haut | F5: bas | G5: haut | H5: bas | I5: haut | J5: bas | K5: haut | L5: bas | M5: haut | N5: bas | O5: haut | P5: bas | Q5: haut | R5: bas | S5: haut | T5: bas | U5: haut | V5: bas | W5: haut | X5: bas | Y5: haut
A7: somme
A9: retard
A11: remboursement | B11: credit | D11: credit | F11: credit | H11: credit | J11: credit | L11: credit | N11: credit | P11: credit | R11: credit | T11: credit | V11: credit | X11: credit
A13: somme
A15: credIt impots
A17: caution
A19: virement
A21: autres depense
A28: couts
B33: total loyer | D33: =SUM(B7:Y8) -> 0
B35: total credit | D35: =SUM(B13:Y14) -> 0 | G35: total des depenses pour le credit d'impots | I35: 0
B37: benefice | D37: =SUM(D33-D35-D39) -> 0 | G37: remboursement impots | I37: 0
B39: autre depense | D39: =SUM(B28:Y29) -> 0 | G39: total remboursé | I39: =SUM(I35-I37) -> 0
B44: frais fixe
B46: credit | D46: 4548
B48: assurance | D48: 100
B50: impots foncier | D50: 800
B52: csg / rds
B54: a mettre en œuvre en debut d'année
B56: calculer si charge reel ou abatement de 30 %

Sheet recap annuel 
A1: RECAPITULATIF ANNUEL
A4: 2016 | B4: 2017 | C4: 2018 | D4: 2019 | E4: 2020 | F4: 2021 | G4: 2022 | H4: 2023 | I4: 2024 | J4: 2025 | K4: 2026 | L4: progression
A6: IMPOTS | B6: IMPOTS | C6: IMPOTS | D6: IMPOTS | E6: IMPOTS | F6: IMPOTS | G6: IMPOTS | H6: IMPOTS | I6: IMPOTS | J6: IMPOTS | K6: IMPOTS | L6: IMPOTS
A7: 1000 | L7: =SUM(A7:K7) -> 1000
B8: =IFERROR((B7-A7)/B7,"-") -> - | C8: =IFERROR((C7-B7)/C7,"-") -> - | D8: =IFERROR((D7-C7)/D7,"-") -> - | E8: =IFERROR((E7-D7)/E7,"-") -> - | F8: =IFERROR((F7-E7)/F7,"-") -> - | G8: =IFERROR((G7-F7)/G7,"-") -> - | H8: =IFERROR((H7-G7)/H7,"-") -> - | I8: =IFERROR((I7-H7)/I7,"-") -> - | ... L8: =IFERROR((L7-K7)/L7,"-") -> 1
A9: loyé | B9: loyé | C9: loyé | D9: loyé | E9: loyé | F9: loyé | G9: loyé | H9: loyé | I9: loyé | J9: loyé | K9: loyé | L9: loyé
L10: =SUM(A10:K10) -> 0
B11: =IFERROR((B10-A10)/B10,"-") -> - | C11: =IFERROR((C10-B10)/C10,"-") -> - | D11: =IFERROR((D10-C10)/D10,"-") -> - | E11: =IFERROR((E10-D10)/E10,"-") -> - | F11: =IFERROR((F10-E10)/F10,"-") -> - | G11: =IFERROR((G10-F10)/G10,"-") -> - | H11: =IFERROR((H10-G10)/H10,"-") -> - | I11: =IFERROR((I10-H10)/I10,"-") -> - | ... L11: =IFERROR((L10-K10)/L10,"-") -> -
A12: depense | B12: depense | C12: depense | D12: depense | E12: depense | F12: depense | G12: depense | H12: depense | I12: depense | J12: depense | K12: depense | L12: depense
C13: =SUM('2018'!E39:F40) -> 0 | D13: =SUM('2019'!F39:G40) -> 0 | E13: =SUM('2020'!G39:H40) -> 0 | F13: =SUM('2021'!H39:I40) -> 0 | G13: =SUM('2022'!I39:J40) -> 0 | H13: =SUM('2023'!J39:K40) -> 0 | I13: =SUM('2024'!K39:L40) -> 0 | J13: =SUM('2025'!L39:M40) -> 0 | K13: =SUM('2026'!M39:N40) -> 0 | L13: =SUM(C13:K13) -> 0
B14: =IFERROR((B13-A13)/B13,"-") -> - | C14: =IFERROR((C13-B13)/C13,"-") -> - | D14: =IFERROR((D13-C13)/D13,"-") -> - | E14: =IFERROR((E13-D13)/E13,"-") -> - | F14: =IFERROR((F13-E13)/F13,"-") -> - | G14: =IFERROR((G13-F13)/G13,"-") -> - | H14: =IFERROR((H13-G13)/H13,"-") -> - | I14: =IFERROR((I13-H13)/I13,"-") -> - | ... L14: =IFERROR((L13-K13)/L13,"-") -> -
A15: assurance | B15: assurance | C15: assurance | D15: assurance | E15: assurance | F15: assurance | G15: assurance | H15: assurance | I15: assurance | J15: assurance | K15: assurance | L15: assurance
A16: =SUM('2016'!D48:E49) -> 100 | B16: =SUM('2017'!D48:E49) -> 0 | C16: =SUM('2018'!E48:F49) -> 0 | D16: =SUM('2019'!F48:G49) -> 0 | E16: =SUM('2020'!G48:H49) -> 0 | F16: =SUM('2021'!H48:I49) -> 0 | G16: =SUM('2022'!I48:J49) -> 0 | H16: =SUM('2023'!J48:K49) -> 0 | I16: =SUM('2024'!K48:L49) -> 0 | J16: =SUM('2025'!L48:M49) -> 0 | K16: =SUM('2026'!M48:N49) -> 0 | L16: =SUM(A16:K16) -> 100
B17: =IFERROR((B16-A16)/B16,"-") -> - | C17: =IFERROR((C16-B16)/C16,"-") -> - | D17: =IFERROR((D16-C16)/D16,"-") -> - | E17: =IFERROR((E16-D16)/E16,"-") -> - | F17: =IFERROR((F16-E16)/F16,"-") -> - | G17: =IFERROR((G16-F16)/G16,"-") -> - | H17: =IFERROR((H16-G16)/H16,"-") -> - | I17: =IFERROR((I16-H16)/I16,"-") -> - | ... L17: =IFERROR((L16-K16)/L16,"-") -> 1
A18: csg/rds | B18: csg/rds | C18: csg/rds | D18: csg/rds | E18: csg/rds | F18: csg/rds | G18: csg/rds | H18: csg/rds | I18: csg/rds | J18: csg/rds | K18: csg/rds | L18: csg/rds
A19: =SUM('2016'!D52:E53) -> 0 | B19: =SUM('2017'!D52:E53) -> 0 | C19: =SUM('2018'!E52:F53) -> 0 | D19: =SUM('2019'!F52:G53) -> 0 | E19: =SUM('2020'!G52:H53) -> 0 | F19: =SUM('2021'!H52:I53) -> 0 | G19: =SUM('2022'!I52:J53) -> 0 | H19: =SUM('2023'!J52:K53) -> 0 | I19: =SUM('2024'!K52:L53) -> 0 | J19: =SUM('2025'!L52:M53) -> 0 | K19: =SUM('2026'!M52:N53) -> 0 | L19: =SUM(A19:K19) -> 0
B20: =IFERROR((B19-A19)/B19,"-") -> - | C20: =IFERROR((C19-B19)/C19,"-") -> - | D20: =IFERROR((D19-C19)/D19,"-") -> - | E20: =IFERROR((E19-D19)/E19,"-") -> - | F20: =IFERROR((F19-E19)/F19,"-") -> - | G20: =IFERROR((G19-F19)/G19,"-") -> - | H20: =IFERROR((H19-G19)/H19,"-") -> - | I20: =IFERROR((I19-H19)/I19,"-") -> - | ... L20: =IFERROR((L19-K19)/L19,"-") -> -
A21: benefice | B21: benefice | C21: benefice | D21: benefice | E21: benefice | F21: benefice | G21: benefice | H21: benefice | I21: benefice | J21: benefice | K21: benefice | L21: benefice
A22: =SUM('2016'!D37:E38) -> 1077 | B22: =SUM('2017'!D37:E38) -> 0 | C22: =SUM('2018'!E37:F38) -> 0 | D22: =SUM('2019'!F37:G38) -> 0 | E22: =SUM('2020'!G37:H38) -> 0 | F22: =SUM('2021'!H37:I38) -> 0 | G22: =SUM('2022'!I37:J38) -> 0 | H22: =SUM('2023'!J37:K38) -> 0 | I22: =SUM('2024'!K37:L38) -> 0 | J22: =SUM('2025'!L37:M38) -> 0 | K22: =SUM('2026'!M37:N38) -> 0 | L22: =SUM(A22:K22) -> 1077
B23: =IFERROR((B22-A22)/B22,"-") -> - | C23: =IFERROR((C22-B22)/C22,"-") -> - | D23: =IFERROR((D22-C22)/D22,"-") -> - | E23: =IFERROR((E22-D22)/E22,"-") -> - | F23: =IFERROR((F22-E22)/F22,"-") -> - | G23: =IFERROR((G22-F22)/G22,"-") -> - | H23: =IFERROR((H22-G22)/H22,"-") -> - | I23: =IFERROR((I22-H22)/I22,"-") -> - | ... L23: =IFERROR((L22-K22)/L22,"-") -> 1
A24: credit | B24: credit | C24: credit | D24: credit | E24: credit | F24: credit | G24: credit | H24: credit | I24: credit | J24: credit | K24: credit | L24: credit
A25: =SUM('2016'!D46:E47) -> 838 | B25: =SUM('2017'!D46:E47) -> 4548 | C25: 0 | D25: =SUM('2019'!F46:G47) -> 0 | E25: =SUM('2020'!G46:H47) -> 0 | F25: =SUM('2021'!H46:I47) -> 0 | G25: =SUM('2022'!I46:J47) -> 0 | H25: =SUM('2023'!J46:K47) -> 0 | I25: =SUM('2024'!K46:L47) -> 0 | J25: =SUM('2025'!L46:M47) -> 0 | K25: =SUM('2026'!M46:N47) -> 0 | L25: =SUM(A25:K25) -> 5386
B26: =IFERROR((B25-A25)/B25,"-") -> 0.81574318 | C26: =IFERROR((C25-B25)/C25,"-") -> - | D26: =IFERROR((D25-C25)/D25,"-") -> - | E26: =IFERROR((E25-D25)/E25,"-") -> - | F26: =IFERROR((F25-E25)/F25,"-") -> - | G26: =IFERROR((G25-F25)/G25,"-") -> - | H26: =IFERROR((H25-G25)/H25,"-") -> - | I26: =IFERROR((I25-H25)/I25,"-") -> - | ... L26: =IFERROR((L25-K25)/L25,"-") -> 1
